 Dungeon Crawl Stone Soup version 0.28.0-53-g5a82cb258f (webtiles) character file.

Game seed: 3078694052647668111

871 ZappyNine the Skirmisher (level 8, -3/42 HPs)
             Began as a Vine Stalker Fighter on June 30, 2022.
             Slain by a gnoll sergeant
             ... wielding a +6 spear of flaming
              (13 damage)
             ... on level 4 of the Dungeon.
             The game lasted 00:06:05 (4497 turns).

ZappyNine the Skirmisher (Vine Stalker Fighter)     Turns: 4497, Time: 00:06:06

Health: -3/42      AC:  4    Str: 20    XL:     8   Next: 3%
Magic:  0/18       EV: 10    Int:  8    God:
Gold:   188        SH:  5    Dex: 15    Spells: 7/7 levels left

rFire   . . .      SeeInvis .   a - +0 rapier (freeze)
rCold   . . .      Faith    .   c - +0 buckler
rNeg    . . .      Spirit   +   d - +1 leather armour of the Vaults {+Inv rPois rCorr}
rPois   +          Reflect  .   (no helmet)
rElec   .          Harm     .   (no cloak)
rCorr   +          Rampage  .   (no gloves)
Will    +....                   (no boots)
Stlth   +.........              (no amulet)
HPRegen 0.94/turn               l - +4 ring of slaying
MPRegen 0.16/turn               v - ring of magical power

@: no status effects
A: fangs 3, regeneration 1, magic shield, antimagic bite, no potion heal 2
a: Evoke Invisibility


You were on level 4 of the Dungeon.
You visited 1 branch of the dungeon, and saw 5 of its levels.

You collected 188 gold pieces.

Inventory:

Hand Weapons
 a - a +0 rapier of freezing (weapon)
 f - a +1 dagger of protection
Armour
 b - a +0 scale mail
 c - a +0 buckler (worn)
 d - the +1 leather armour of the Vaults (worn) {+Inv rPois rCorr}
   (You found it on level 4 of the Dungeon)

   rPois:     It protects you from poison.
   +Inv:      It lets you turn invisible.
   rCorr:     It protects you from acid and corrosion.
Jewellery
 l - a +4 ring of slaying (left hand)
 v - a ring of magical power (right hand)
 w - a ring of flight
 x - a ring of resist corrosion
Scrolls
 e - a scroll of identify
 g - a scroll of teleportation
 u - 2 scrolls of amnesia
Potions
 h - 2 potions of lignification
 j - 2 potions of curing
 k - 2 potions of attraction
 n - a potion of flight
 o - 2 potions of brilliance {unknown}
 p - a potion of resistance {unknown}
 q - 3 potions of heal wounds
 r - 2 potions of degeneration {unknown}


   Skills:
 + Level 4.8 Fighting
 + Level 4.3 Short Blades
 + Level 4.3 Armour
 + Level 4.8 Shields


You had 7 spell levels left.
You didn't know any spells.
Your spell library contained the following spells:

 Spells                   Type           Power      Damage    Failure   Level
 Animate Skeleton         Necr           0%         N/A       54%         1
 Pain                     Necr           0%         1d4       54%         1
 Blink                    Tloc           0%         N/A       69%         2
 Vampiric Draining        Necr           0%         2d6       89%         3
 Manifold Assault         Tloc           0%         N/A       100%        5
 Storm Form               Tmut/Air       0%         N/A       100%        7


Dungeon Overview and Level Annotations

Branches:
Dungeon (5/15)
 Temple: D:4-7

Altars:
Cheibriados
Makhleb

Annotations:
D:3 1 runed translucent door, Diggabert's ghost, amateur FoFi


Innate Abilities, Weirdness & Mutations

You have razor-sharp teeth.
Your natural rate of healing is unusually fast.
When hurt, damage is shared between your health and your magic reserves.
Your bite disrupts and absorbs the magic of your enemies.
Potions cannot restore your health.


Message History

You are too injured to fight recklessly!
You are too injured to fight recklessly!
You are too injured to fight recklessly!
There are monsters nearby!
Unknown command.
The gnoll sergeant hits you from afar with a +6 spear of flaming!
* * * LOW HITPOINT WARNING * * *
The gnoll sergeant burns you.
* * * LOW HITPOINT WARNING * * *
The gnoll barely misses you.
You see here a +0 hunting sling.
You block the gnoll sergeant's attack.
Items here: )) ††.
You see here 13 bolts.
There is an open door here.
You see here a +0 rapier.
There is a stone staircase leading up, spattered with blood here.
You block the gnoll sergeant's attack.
There is a stone staircase leading up, spattered with blood here.
You hit the gnoll sergeant but do no damage.
The gnoll sergeant is moderately wounded.
The gnoll sergeant hits you with a +6 spear of flaming!
The gnoll sergeant burns you.
You barely miss the gnoll sergeant. Your bite misses the gnoll sergeant.
The gnoll sergeant is moderately wounded.
The gnoll sergeant hits you with a +6 spear of flaming.
The gnoll sergeant burns you.
You hit the gnoll sergeant. You freeze the gnoll sergeant.
You bite the gnoll sergeant. You drain its power.
You feel invigorated.
The gnoll sergeant is moderately wounded.
The gnoll hits you from afar with a +0 halberd.
The gnoll sergeant hits you with a +6 spear of flaming!
The gnoll sergeant burns you. The gnoll closely misses you.
You block the gnoll sergeant's attack.
The gnoll hits you from afar with a +0 halberd!
* * * LOW HITPOINT WARNING * * *
You climb upwards.
There is a stone staircase leading down here.
The gnoll sergeant hits you from afar with a +6 spear of flaming!
You die...

.#....###....## #...##.....#
.#.#### ##..## #.#.##..#.##
##.# ##.# #.#.......# #.#
#.#####.###.....# ##.#
#.......# #.#.#.# ...###
#####.#.# #...#.# .....#
#..g#.# #####.# .....# #.)>.##
#.# .....# ####.##@#### ##.###
### )....#
#..........####....# #..
.....#####..........#.##..#.#
###
.....##..........##.#.##....##
#
.....##.#####.#####..........#
# .....##.# #...# #[#####...##
# ...)....# ###.# #.# #...#
...(.#### #.#####)#####...#
###### ####..........##.)##


You could see a gnoll sergeant.

Vanquished Creatures
  A black bear (D:5)
  3 ogres
  A phantom (D:5)
  A water moccasin skeleton (D:4)
  Crazy Yiuf (D:4)
  A bullfrog zombie (D:5)
  A centaur skeleton (D:5)
  A hound (D:4)
  2 iguanas (D:5)
  3 orc wizards (D:4)
  A hound zombie (D:5)
  A hound skeleton (D:4)
  3 adders (D:2)
  An ufetubus (D:5)
  A worm (D:3)
  2 adder skeletons (D:4)
  A dart slug (D:3)
  12 orcs
  6 ball pythons
  9 bats
  8 endoplasms
  2 giant cockroaches
  6 goblins
  6 hobgoblins
  13 jackals
  4 quokkas
  3 frilled lizards
  3 kobolds
  9 rats
106 creatures vanquished.

Notes
Turn   | Place    | Note
-------+----------+-------------------------------------------
     0 | D:1      | ZappyNine the Vine Stalker Fighter began the quest for the
                  | Orb.
     0 | D:1      | Reached XP level 1. HP: 11/11 MP: 2/2
   223 | D:1      | Reached XP level 2. HP: 14/16 MP: 1/3
   745 | D:1      | Reached XP level 3. HP: 11/19 MP: 4/4
  1504 | D:2      | Gained mutation: Your natural rate of healing is unusually
                  | fast. [Vine Stalker growth]
  1504 | D:2      | Reached XP level 4. HP: 24/24 MP: 5/5
  2244 | D:3      | Found a burning altar of Makhleb.
  2349 | D:3      | Found a runed translucent door.
  2350 | D:3      | Noticed Diggabert's ghost (amateur FoFi)
  2453 | D:3      | Noticed a blizzard demon
  2457 | D:3      | Noticed a ynoxinul
  2457 | D:3      | Noticed a ynoxinul
  2935 | D:4      | Reached XP level 5. HP: 28/28 MP: 6/6
  3232 | D:4      | Noticed an ogre
  3249 | D:4      | Killed an ogre
  3250 | D:4      | Reached XP level 6. HP: 24/33 MP: 7/7
  3314 | D:4      | Identified the +1 leather armour of the Vaults {+Inv rPois
                  | rCorr}
  3594 | D:4      | Found a runed translucent door.
  3595 | D:4      | Noticed Crazy Yiuf
  3761 | D:4      | Killed Crazy Yiuf
  3840 | D:5      | Entered Level 5 of the Dungeon
  3848 | D:5      | Reached XP level 7. HP: 33/37 MP: 8/8
  4184 | D:5      | Found a snail-covered altar of Cheibriados.
  4420 | D:5      | Gained mutation: You have razor-sharp teeth. [Vine Stalker
                  | growth]
  4420 | D:5      | Reached XP level 8. HP: 40/42 MP: 9/9
  4497 | D:4      | Slain by a gnoll sergeant

Illustrated notes

Levels and vault maps discovered:
D:1:      onia_arrival_mini_maze, layout_basic
D:2:      layout_loops_ring, chequers_serial_rivers_micro_d,
          minmay_misc_feat_enclosed, minmay_surrounded
D:3:      layout_basic, makhleb_altar_promises_db, gammafunk_ghost_grave
D:4:      layout_basic, serial_park_tiny_1, uniq_crazy_yiuf_cottage
D:5:      layout_basic, chei_slow_surprise, minmay_crystal_room

Skill      XL: |  1  2  3  4  5  6  7 |
---------------+----------------------+-----
Short Blades   | 2 3 4 |  4.3
Shields        | 3 4 |  4.8
Fighting       | 3 4 |  4.8
Armour         | 3 4 |  4.3

Action                   |  1- 3 |  4- 6 |  7- 9 || total
-------------------------+-------+-------+-------++-------
Melee: Rapier            |    43 |    19 |    44 ||   106
       Bite              |    17 |    52 |    13 ||    82
       Dagger            |    66 |   181 |       ||   247
  Use: Potion            |       |     2 |       ||     2
       Scroll            |       |    11 |       ||    11
 Stab: Sleeping          |       |       |     1 ||     1
Armor: Scale mail        |    72 |    68 |       ||   140
       Skin              |       |     2 |       ||     2
       Leather armour    |       |     4 |     6 ||    10
Dodge: Dodged            |    61 |    74 |    21 ||   156
Block: Buckler           |    25 |    38 |    15 ||    78
